 Dungeon Crawl Stone Soup version 0.25-a0-834-g55863b0b92 (webtiles) character file.

Game seed: 8591485433363619673, levelgen mode: deterministic

176 Nixze the Grave Robber (level 5, 0/38 HPs)
             Began as a Mummy Necromancer on Apr 22, 2020.
             Slain by a gnoll
             ... wielding a +0 club
              (5 damage)
             ... on level 4 of the Dungeon.
             The game lasted 00:07:19 (3572 turns).

Nixze the Grave Robber (Mummy Necromancer)          Turns: 3572, Time: 00:07:20

Health: 0/38       AC:  4    Str: 11    XL:     5   Next: 30%
Magic:  2/11       EV: 11    Int: 15    God:
Gold:   113        SH:  0    Dex: 13    Spells: 7/12 levels left

rFire    x . .     SeeInvis .   j - +0 short sword (speed)
rCold    + . .     Gourm    .   (no shield)
rNeg     + + +     Faith    .   f - +0 leather armour
rPois    ∞         Spirit   .   (no helmet)
rElec    .         Reflect  .   m - +0 cloak
rCorr    .         Harm     .   (no gloves)
MR       .....                  (no boots)
Stlth    ++........             (no amulet)
HPRegen  0.12/turn              (no ring)
MPRegen  0.12/turn              (no ring)

@: no status effects
A: no food or potions, fire vulnerability, cold resistance 1, negative energy
resistance 3, torment resistance, unbreathing
a: no special abilities


You were on level 4 of the Dungeon.
You were not hungry.

You visited 1 branch of the dungeon, and saw 4 of its levels.

You collected 113 gold pieces.

Inventory:

Hand Weapons
 b - a +1 dagger of venom
 j - a +0 short sword of speed (weapon)
Armour
 f - a +0 leather armour (worn)
 m - a +0 cloak (worn)
Jewellery
 l - an uncursed ring of protection from magic {unknown}
Scrolls
 a - a scroll of random uselessness {unknown}
 c - 2 scrolls of magic mapping {unknown}
 d - 2 scrolls of remove curse {unknown}
 e - 2 scrolls of fear
 g - 2 scrolls of teleportation {unknown}
 h - a scroll of fog {unknown}
 i - 2 scrolls of identify {unknown}
 k - a scroll of immolation {unknown}


   Skills:
 + Level 2.2 Fighting
 - Level 1.5 Dodging
 - Level 1.5 Stealth
 + Level 4.1 Spellcasting
 * Level 5.5 Necromancy


You had 7 spell levels left.
You knew the following spells:

 Your Spells              Type           Power        Failure   Level  Hunger
a - Pain                  Necr           ###.         2%          1    N/A
b - Animate Skeleton      Necr           N/A          2%          1    N/A
c - Vampiric Draining     Necr           ###.......   8%          3    N/A

Your spell library contained the following spells:

 Spells                   Type           Power        Failure   Level  Hunger
 Animate Dead             Necr           N/A          24%         4    N/A
 Agony                    Necr           ###.....     56%         5    N/A

Dungeon Overview and Level Annotations

Branches:
Dungeon (4/15)
 Temple: D:4-7

Altars:
Okawaru
Trog

Annotations:
D:4 exclusion: phantom


Innate Abilities, Weirdness & Mutations

You do not eat or drink.
Your flesh is vulnerable to fire.
You are immune to poison.
Your flesh is cold resistant. (rC+)
You are immune to negative energy. (rN+++)
You are immune to unholy pain and torment.
You can survive without breathing.


Message History

Confirm with . or Enter, or press ? or * to list all spells.
Aiming: Pain (safe; 2% risk of failure)
Press: ? - help, Shift-Dir - straight line, f/p - gnoll
Aim: a gnoll, wielding a +0 club (severely wounded, chance to defeat MR: 84%)
The gnoll writhes in agony.
Casting: Pain (safe; 2% risk of failure)
Confirm with . or Enter, or press ? or * to list all spells.
Aiming: Pain (safe; 2% risk of failure)
Press: ? - help, Shift-Dir - straight line, f/p - gnoll
Aim: a gnoll, wielding a +0 club (severely wounded, chance to defeat MR: 84%)
The gnoll writhes in agony.
The gnoll barely misses you.
The gnoll hits you from afar with a +0 spear.
* * * LOW HITPOINT WARNING * * *
Casting: Pain (safe; 2% risk of failure)
Confirm with . or Enter, or press ? or * to list all spells.
Aiming: Pain (safe; 2% risk of failure)
Press: ? - help, Shift-Dir - straight line, f/p - gnoll
Aim: a gnoll, wielding a +0 club (heavily wounded, chance to defeat MR: 84%)
The gnoll barely resists.
The gnoll hits you with a +0 club.
You die...

...######.....#.# ###..# ...###
#.###...# ##...+ .....# #.##
#..###..#.# .....#
#..####.....##.#
.....#####..#.......#..#
.........##...##.##....#
....)###.....g##.###...#
..)...........##g####..#
.......###....##@......#######+##
.<...#...........................
.....#####....###................
.....## ##.### #..).............
......# #.g.###....##..........
....#..# ###........###.........
..#..#..# #####....# #.........
........# ###........###.........
#####..<# #............#.........


You could see a gnoll.

Vanquished Creatures
  A big kobold (D:3)
  A worker ant (D:4)
  A gnoll (D:4)
  An adder (D:3)
  An ooze (D:4)
  An adder skeleton (D:4)
  A worm (D:2)
  2 leopard geckos
  3 orcs
  3 bats
  A giant cockroach (D:3)
  5 goblins
  5 hobgoblins
  8 kobolds
  A quokka (D:4)
  5 frilled lizards
  A leopard gecko skeleton (D:4)
  5 rats
46 creatures vanquished.

Vanquished Creatures (collateral kills)
  A giant cockroach (D:3)
  A kobold (D:2)
2 creatures vanquished.

Grand Total: 48 creatures vanquished

Notes
Turn   | Place    | Note
-------+----------+-------------------------------------------
     0 | D:1      | Nixze the Mummy Necromancer began the quest for the Orb.
     0 | D:1      | Reached XP level 1. HP: 13/13 MP: 4/4
     2 | D:1      | Learned a level 1 spell: Animate Skeleton
   401 | D:1      | Reached XP level 2. HP: 15/20 MP: 5/5
  1409 | D:2      | Reached skill level 1 in Fighting
  2142 | D:2      | Reached XP level 3. HP: 26/26 MP: 5/7
  2194 | D:2      | Found a bloodstained altar of Trog.
  2407 | D:3      | Found an iron altar of Okawaru.
  2663 | D:3      | Learned a level 3 spell: Vampiric Draining
  2993 | D:4      | Noticed a phantom
  3027 | D:4      | Reached XP level 4. HP: 29/32 MP: 2/9
  3100 | D:4      | Reached skill level 5 in Necromancy
  3272 | D:4      | Noticed a big kobold
  3311 | D:3      | Killed a big kobold
  3311 | D:3      | Reached XP level 5. HP: 5/38 MP: 0/11
  3572 | D:4      | Slain by a gnoll

Levels and vault maps discovered:
D:1:      dpeg_arrival_leaves_temple_mockup, layout_loops_ring,
          hangedman_feature_mirror, minmay_misc_feat_four_crosses
D:2:      layout_basic, lemuel_coloured_pillars_altar, first_ration
D:3:      layout_rooms, lemuel_round_altar
D:4:      cheibrodos_thug_alley, layout_rooms, corexii_shack, minmay_door_square

Skill      XL: |  1  2  3  4 |
---------------+-------------+-----
Spellcasting   | 3 4 |  4.1
Fighting       | 1 2 |  2.2
Necromancy     | 5 |  5.5
Dodging        | |  1.5
Stealth        | |  1.5

Action                   |  1- 3 |  4- 6 || total
-------------------------+-------+-------++-------
Melee: Dagger            |    30 |       ||    30
       Short sword       |    20 |    19 ||    39
 Cast: Pain              |    50 |    38 ||    88
       Animate Skeleton  |    15 |       ||    15
  Use: Scroll            |     1 |       ||     1
 Stab: Sleeping          |     2 |       ||     2
Armor: Robe              |     1 |       ||     1
       Leather armour    |    12 |    10 ||    22
Dodge: Dodged            |    31 |    23 ||    54

Table legend:
 A = Non-vault XP
 B = Vault XP
 C = Vault XP percentage of total XP
 D = Non-vault monster count
 E = Vault monster count
 F = Vault count percentage of total count
                 A         B        C        D         E       F
            +---------+---------+-------+---------+---------+-------
      Total |     138 |     114 |  45.2 |      42 |       6 |  12.5
            +---------+---------+-------+---------+---------+-------
        D:1 |      13 |       0 |   0.0 |       9 |       0 |   0.0
        D:2 |      30 |       0 |   0.0 |      17 |       0 |   0.0
        D:3 |      28 |     106 |  79.1 |       8 |       2 |  20.0
        D:4 |      67 |       8 |  10.7 |       8 |       4 |  33.3
            +---------+---------+-------+---------+---------+-------
